 Dungeon Crawl Stone Soup version 0.24.1-11-gbbbb2193e6 (webtiles) character file.

Game seed: 15821986925577173672, levelgen mode: deterministic

6323 Gabide the Carver (level 11, -3/81 HPs)
             Began as a Human Gladiator on May 14, 2020.
             Was a Priest of Elyvilon.
             Succumbed to barbed spike wounds
             ... on level 11 of the Dungeon.
             The game lasted 00:37:48 (10579 turns).

Gabide the Carver (Human Gladiator)                Turns: 10579, Time: 00:37:48

Health: -3/81      AC: 10    Str: 22    XL:     11   Next: 16%
Magic:  12/12      EV: 15    Int:  9    God:    Elyvilon [***...]
Gold:   617        SH:  0    Dex: 17    Spells: 10/10 levels left

rFire    . . .     SeeInvis .   A - +3 scimitar
rCold    . . .     Gourm    .   (no shield)
rNeg     . . .     Faith    .   v - +3 leather armour
rPois    .         Spirit   .   c - +1 helmet
rElec    .         Reflect  .   (no cloak)
rCorr    .         Harm     .   w - +1 pair of gloves
MR       .....                  (no boots)
Stlth    +.........             (no amulet)
HPRegen  0.23/turn              r - +3 ring of strength
MPRegen  0.13/turn              b - +4 ring of strength

@: protection, barbed spikes, drained
A: no striking features
a: Lesser Healing, Heal Other, Purification, Divine Protection, Renounce
Religion


You were on level 11 of the Dungeon.
You worshipped Elyvilon.
Elyvilon was most pleased with you.
You were not hungry.

You visited 2 branches of the dungeon, and saw 12 of its levels.

You collected 617 gold pieces.

Inventory:

Hand Weapons
 a - a +2 long sword
 d - the +3 dagger of a treasure trove {protect, rElec Str+4 Int+2}
   (You found it on level 7 of the Dungeon)

   It grants its wielder temporary protection when it strikes (+7 to AC).
   It affects your strength (+4).
   It affects your intelligence (+2).
   It insulates you from electricity.
 A - a +3 scimitar (weapon)
Missiles
 u - 5 javelins (quivered)
Armour
 c - a +1 helmet (worn)
 v - a +3 leather armour (worn)
 w - a +1 pair of gloves (worn)
Jewellery
 b - a +4 ring of strength (right hand)
 j - an uncursed ring of ice
 m - an uncursed ring of resist corrosion
 o - an uncursed ring of protection from magic
 q - an uncursed ring of magical power
 r - a +3 ring of strength (left hand)
 t - an uncursed ring of protection from cold
Wands
 g - a wand of disintegration (9)
 p - a wand of flame (9)
 x - a wand of iceblast (6)
 z - a wand of acid (6)
 B - a wand of paralysis (10)
Scrolls
 C - a scroll of identify
 D - 3 scrolls of remove curse
Potions
 e - a potion of might
 h - 5 potions of brilliance
 l - a potion of lignification
 s - 2 potions of mutation {unknown}
Comestibles
 f - 13 rations
 i - 6 chunks of flesh


   Skills:
 + Level 6.0(5.3) Fighting
 * Level 13.0(12.1) Long Blades
 + Level 4.0(3.3) Throwing
 - Level 2.2(1.6) Armour
 + Level 6.3(5.6) Dodging
 - Level 0.7(0.1) Stealth
 * Level 1.4(0.8) Invocations
 + Level 1.3(0.7) Evocations


You had 10 spell levels left.
You didn't know any spells.
Your spell library contained the following spells:

 Spells                   Type           Power        Failure   Level  Hunger
 Corona                   Hex            #......      43%         1    ##.....
 Summon Small Mammal      Summ           #...         43%         1    ##.....
 Call Imp                 Summ           #.......     56%         2    ###....
 Ensorcelled Hibernation  Hex/Ice        #.....       56%         2    ###....
 Call Canine Familiar     Summ           #.......     80%         3    ####...
 Confuse                  Hex            #.......     80%         3    ####...
 Dazzling Spray           Conj/Hex       #.....       80%         3    ####...
 Summon Guardian Golem    Hex/Summ       #.......     80%         3    ####...
 Tukima's Dance           Hex            #.......     80%         3    ####...
 Summon Ice Beast         Ice/Summ       #.......     99%         4    #####..
 Summon Lightning Spire   Summ/Air       #.......     99%         4    #####..


Dungeon Overview and Level Annotations

Branches:
Dungeon (11/15)            Temple (1/1) D:4
   Lair: D:8-11         Orc: D:9-12

Altars:
Ashenzari
Cheibriados
Dithmenos
Elyvilon
Fedhas
Gozag
Hepliaklqana
Kikubaaqudgha
Makhleb
Nemelex Xobeh
Okawaru
Qazlal
Ru
Sif Muna
Trog
Uskayaw
Vehumet
Wu Jian
Xom
Yredelemnul
Zin
The Shining One

Shops:
D:4 (


Message History

You beseech Elyvilon to protect your life.
The manticore misses you. The manticore claws you!
Elyvilon protects you from harm! The manticore barely misses you.
The orc priest hits you but does no damage.
You feel drained.
Unknown command.
The barbs in your skin will harm you if you move.
Continue?
The barbed spikes dig painfully into your body as you move.
* * * LOW HITPOINT WARNING * * *
The manticore flicks its tail.
The volley of spikes misses you. The orc priest closely misses you.
The barbed spikes dig painfully into your body as you move.
* * * LOW HITPOINT WARNING * * *
As you read the scroll of fog, it crumbles to dust.
The scroll dissolves into smoke.
The barbed spikes dig painfully into your body as you move.
Elyvilon protects you from harm!
The barbed spikes dig painfully into your body as you move.
You die...

#........
#.)....
#.).# ##s§#
#oa## #H##
#§#
######§#
##....#@#
#....§§§#
#....§§§#
#.....#.##
#.....#..##
##....#...#
##......###
#......##
#.....##


There were no monsters in sight!

Vanquished Creatures
  A centaur zombie (D:10)
  A hippogriff (D:5)
  A hornet (D:10)
  4 yaks (D:11)
  Eustachio (D:4)
  A hungry ghost (D:7)
  Menkaure (D:4)
  A water moccasin (D:5)
  A black bear (D:7)
  3 porcupines (D:11)
  5 orc warriors
  2 ice beasts
  2 phantoms
  2 ogres
  2 necrophages (D:8)
  4 centaurs
  A big kobold (D:7)
  Blork the orc (D:5)
  4 bullfrogs
  2 scorpions
  5 killer bees (D:7)
  6 wights
  A howler monkey (D:8)
  9 crimson imps
  A bullfrog zombie (D:10)
  7 orc priests
  6 hounds
  A jelly (D:8)
  15 orc wizards
  2 iguanas
  Terence (D:3)
  A worker ant (D:7)
  A hound skeleton (D:4)
  A worker ant zombie (D:5)
  A howler monkey zombie (D:6)
  7 gnolls
  12 adders
  4 shadow imps
  An ooze (D:2)
  2 adder skeletons
  A worm (D:3)
  3 leopard geckos
  34 orcs
  A ball python (D:1)
  10 bats
  4 giant cockroaches
  10 hobgoblins
  8 jackals
  5 quokkas
  3 frilled lizards
  3 goblins
  A jackal skeleton (D:4)
  A jackal zombie (D:5)
  5 kobolds
  A leopard gecko skeleton (D:4)
  9 rats
223 creatures vanquished.

Vanquished Creatures (others)
  5 orcs (D:4)
  A bush (D:11)
  4 fungi (D:11)
  11 plants (D:11)
  3 toadstools (D:9)
24 creatures vanquished.

Grand Total: 247 creatures vanquished

Notes
Turn   | Place    | Note
-------+----------+-------------------------------------------
     0 | D:1      | Gabide the Human Gladiator began the quest for the Orb.
     0 | D:1      | Reached XP level 1. HP: 16/16 MP: 1/1
   224 | D:1      | Reached XP level 2. HP: 19/22 MP: 2/2
   449 | D:1      | Reached XP level 3. HP: 27/27 MP: 3/3
  1019 | D:2      | Reached skill level 4 in Long Blades
  1019 | D:2      | Reached XP level 4. HP: 33/33 MP: 4/4
  1097 | D:2      | Reached XP level 5. HP: 32/38 MP: 5/5
  1609 | D:3      | Noticed Terence
  1616 | D:3      | Killed Terence
  2186 | D:4      | Found a staircase to the Ecumenical Temple.
  2204 | D:4      | Reached skill level 5 in Long Blades
  2370 | Temple   | Entered the Ecumenical Temple
  2480 | Temple   | Became a worshipper of Elyvilon the Healer
  2535 | D:4      | Reached XP level 6. HP: 46/46 MP: 6/6
  2537 | D:4      | Noticed Menkaure
  2549 | D:4      | Elyvilon protects you from harm!
  2550 | D:4      | Killed Menkaure
  3098 | D:4      | Noticed Eustachio
  3118 | D:4      | Killed Eustachio
  3118 | D:4      | Reached skill level 6 in Long Blades
  3118 | D:4      | Reached XP level 7. HP: 22/52 MP: 7/7
  3311 | D:4      | Found Sixu Lun's Weapon Shoppe.
  3575 | D:5      | Entered Level 5 of the Dungeon
  3716 | D:5      | Noticed Blork the orc
  3725 | D:5      | Killed Blork the orc
  3725 | D:5      | Reached skill level 1 in Armour
  3827 | D:5      | Reached * piety under Elyvilon
  3848 | D:5      | Noticed a hippogriff
  3871 | D:5      | Reached skill level 7 in Long Blades
  3871 | D:5      | Reached XP level 8. HP: 24/58 MP: 8/8
  3931 | D:5      | HP: 2/59 [hippogriff (6)]
  3945 | D:5      | Killed a hippogriff
  3945 | D:5      | Reached skill level 8 in Long Blades
  4750 | D:6      | Found a glowing drain.
  4949 | D:6      | Reached skill level 9 in Long Blades
  4949 | D:6      | Reached XP level 9. HP: 34/65 MP: 9/9
  5906 | D:7      | Reached skill level 5 in Dodging
  6159 | D:7      | Reached ** piety under Elyvilon
  6188 | D:7      | Reached skill level 10 in Long Blades
  6492 | D:7      | Got a dazzling dagger
  6493 | D:7      | Identified the cursed +3 dagger of a treasure trove
                  | {protect, rElec Str+4 Int+2} (You found it on level 7 of
                  | the Dungeon)
  7169 | D:8      | Reached skill level 11 in Long Blades
  7176 | D:8      | Reached XP level 10. HP: 56/73 MP: 10/10
  7946 | D:8      | Reached skill level 5 in Fighting
  8011 | D:8      | Reached skill level 1 in Evocations
  8189 | D:8      | Reached *** piety under Elyvilon
  8805 | D:8      | Found a snail-covered altar of Cheibriados.
  8967 | D:9      | Found a blossoming altar of Fedhas.
  9693 | D:10     | Entered Level 10 of the Dungeon
  9693 | D:10     | Reached **** piety under Elyvilon
  9773 | D:10     | Reached skill level 12 in Long Blades
  9963 | D:11     | Reached skill level 1 in Invocations
 10295 | D:11     | Noticed a gargoyle
 10299 | D:11     | Reached XP level 11. HP: 56/81 MP: 12/12
 10405 | D:11     | Reached skill level 13 in Long Blades
 10560 | D:11     | Noticed a manticore
 10574 | D:11     | Elyvilon protects you from harm!
 10576 | D:11     | HP: 1/81 [barbs]
 10578 | D:11     | Elyvilon protects you from harm!
 10579 | D:11     | Succumbed to barbed spike wounds

Levels and vault maps discovered:
D:1:      lemuel_arrival_room, layout_loops_ring
D:2:      layout_loops_ring, dk_vineyard_2
D:3:      layout_rooms, uniq_terence
D:4:      layout_basic, minmay_temple_entry_statues_fountains, serial_shops,
          shop, grunt_decor_fettered, lemuel_flame_loot_1, uniq_eustachio,
          uniq_menkaure
D:5:      layout_basic, first_ration, uniq_blork_the_orc
D:6:      layout_loops_ring, gup_sewer_entry_glass
D:7:      layout_basic
D:8:      layout_gridville, kennysheep_mini_moat, grunt_ogre_cave, minmay_holes
D:9:      layout_gridville, minmay_gold_behind_fungi, nrook_loot_triangle,
          fedhas_altar_3
D:10:     layout_roguey, gammafunk_ghost_split, uniq_joseph
D:11:     minmay_the_grid_octo_triangle [minmay_the_grid_octo_toaster,
          minmay_the_grid_octo_prize_ultimate_mussel_roller,
          minmay_the_grid_octo_concentric], layout_gridville,
          minmay_lair_entry_grove, chequers_serial_rivers_small_3, uniq_maurice,
          uniq_harold
Temple:   kilobyte_greek_temple

Skill      XL: |  1  2  3  4  5  6  7  8  9 10 11 |
---------------+----------------------------------+-----
Long Blades    | 4 5 6 7 9 11 12 13 | 13.0
Dodging        | 4 5 6 |  6.3
Fighting       | 3 4 5 6 |  6.0
Armour         | 1 2 |  2.2
Throwing       | 3 4 |  4.0
Evocations     | 1 |  1.3
Invocations    | 1 |  1.4
Stealth        | |  0.7

Action                   |  1- 3 |  4- 6 |  7- 9 | 10-12 || total
-------------------------+-------+-------+-------+-------++-------
Melee: Long sword        |   100 |   119 |   344 |    59 ||   622
       Scimitar          |       |       |       |   228 ||   228
Throw: Throwing net      |     1 |     7 |       |     3 ||    11
       Javelin           |       |       |    31 |    19 ||    50
       Boomerang         |       |       |     2 |       ||     2
Invok: Heal Other        |       |       |     3 |     4 ||     7
       Lesser Healing    |       |       |       |     4 ||     4
       Greater Healing   |       |       |       |     2 ||     2
       Divine Protection |       |       |       |     2 ||     2
       Purification      |       |       |       |     1 ||     1
Evoke: Wand              |       |       |     3 |    12 ||    15
  Use: Scroll            |     5 |     5 |     8 |     9 ||    27
       Potion            |       |       |     9 |     5 ||    14
 Stab: Held in net/web   |       |     4 |       |       ||     4
       Sleeping          |       |     1 |     1 |     1 ||     3
  Eat: Chunk             |     1 |     4 |     9 |     4 ||    18
       Ration            |       |     1 |     3 |     3 ||     7
Armor: Leather armour    |    44 |    23 |    62 |    55 ||   184
       Ring mail         |       |    13 |    55 |       ||    68
       Skin              |       |       |       |    65 ||    65
Dodge: Dodged            |    99 |    97 |   242 |   175 ||   613
       Rpst.: Long sword |    33 |    41 |    66 |    14 ||   154
       Scimitar          |       |       |       |    26 ||    26
